 Dungeon Crawl Stone Soup version 0.22-a0-110-g5b255cf (webtiles) character file.

2508 Kavrick the Slasher (level 9, 0/71 HPs)
             Began as a Demonspawn Fighter on Jan 27, 2018.
             Succumbed to a gnoll sergeant's poison
             ... on level 7 of the Dungeon.
             The game lasted 00:09:51 (6840 turns).

Kavrick the Slasher (Demonspawn Fighter)            Turns: 6840, Time: 00:09:52

Health: 0/71       AC: 18    Str: 16 (19) XL:     9   Next: 28%
Magic:  9/9        EV:  5    Int:  8 (9)  God:
Gold:   410        SH: 10    Dex: 13 (14) Spells: 8/8 levels left

rFire    . . .     SeeInvis .   a - +0 long sword
rCold    . . .     Gourm    .   c - +0 shield
rNeg     . . .     Faith    .   s - +0 chain mail
rPois    .         Spirit   .   (helmet restricted)
rElec    .         Reflect  .   F - +0 cloak
rCorr    .         Harm     .   z - +0 pair of gloves
MR       .....                  G - +2 pair of boots
Stlth    ..........             (no amulet)
HPRegen  0.21/turn              (no ring)
MPRegen  0.11/turn              (no ring)

@: lethally poisoned (0 -> -37)
A: horns 1, molten scales 2, demonic guardian 1, rot immunity
a: no special abilities


You were on level 7 of the Dungeon.
You were hungry.

You visited 1 branch of the dungeon, and saw 7 of its levels.

You collected 410 gold pieces.

Inventory:

Hand Weapons
 a - a +0 long sword (weapon)
Armour
 c - a +0 shield (worn)
 s - a +0 chain mail (worn)
 z - a +0 pair of gloves (worn)
 F - a +0 cloak (worn)
 G - a +2 pair of boots (worn)
Jewellery
 b - an uncursed ring of poison resistance {unknown}
 e - an uncursed ring of protection from cold {unknown}
 E - an uncursed ring of wizardry {unknown}
 H - an uncursed ring of stealth {unknown}
Scrolls
 h - a scroll of remove curse {unknown}
 i - 5 scrolls of identify {unknown}
 j - 3 scrolls of enchant armour {unknown}
 k - 2 scrolls of immolation {unknown}
 m - 2 scrolls of enchant weapon {unknown}
 q - a scroll of fear {unknown}
 v - 2 scrolls of amnesia {unknown}
 y - 2 scrolls of noise {unknown}
 D - 3 scrolls of teleportation {unknown}
 J - a scroll of magic mapping {unknown}
Potions
 d - a potion of might
 g - 2 potions of degeneration
 l - 2 potions of mutation {unknown}
 n - a potion of berserk rage {unknown}
 p - 5 potions of curing {unknown}
 r - 2 potions of invisibility {unknown}
 t - a potion of lignification {unknown}
 u - 2 potions of heal wounds {unknown}
 x - a potion of haste {unknown}
 A - 2 potions of agility {unknown}
 B - a potion of ambrosia {unknown}
 C - a potion of brilliance {unknown}
 I - a potion of magic {unknown}
Books
 o - a book of Misfortune

   Spells                             Type                      Level
   a - Confusing Touch                Hexes                        1
   b - Confuse                        Hexes                        3
   c - Gell's Gravitas                Translocation                3
   d - Petrify                        Transmutation/Earth          4
   e - Metabolic Englaciation         Hexes/Ice                    5
   f - Yara's Violent Unravelling     Hexes/Transmutation          5
Comestibles
 f - 13 rations


   Skills:
 + Level 6.4 Fighting
 * Level 7.5 Long Blades
 + Level 5.8 Armour
 + Level 5.8 Shields


You had 8 spell levels left.
You didn't know any spells.

Dungeon Overview and Level Annotations

Branches:
Dungeon (7/15)             Temple (0/1) D:5

Altars:
Cheibriados
Elyvilon
Hepliaklqana
Kikubaaqudgha
Xom
Yredelemnul
Zin
The Shining One

Annotations:
D:7 Pikel


Innate Abilities, Weirdness & Mutations

You have a pair of small horns on your head.
You are mostly covered in molten scales. (AC +3)
A weak demonic guardian rushes to your aid.
You are immune to rotting.


Message History

You feel very sick. The gnoll sergeant barely misses you.
The gnoll hits you but does no damage. You block the gnoll sergeant's attack.
The gnoll sergeant blocks your attack.
You headbutt the gnoll sergeant.
The gnoll sergeant is almost dead.
* * * LOW HITPOINT WARNING * * *
You feel very sick. You block the gnoll's attack.
The gnoll sergeant hits you but does no damage.
The gnoll hits you with a spear!
* * * LOW HITPOINT WARNING * * *
You hit the gnoll sergeant.
You kill the gnoll sergeant!
* * * LOW HITPOINT WARNING * * *
You feel very sick. You block the gnoll's attack.
It was a potion of degeneration.
There was something very wrong with that liquid.
You feel weakened.
You feel dopey.
You feel clumsy.
You die...

##............#
#...##........##
#..####........##
#..#
#)...##...#######
#..#
#...####........#
#..#
#.............#
#!.#
##..........###
#..# ########...#
#..# ##@)# #.##
#)g# ..# #..# .##
#..# ## ...# #
.... #... # ..
#.... ### #.#


You could see a gnoll.

Vanquished Creatures
  A water moccasin (D:6)
  A sky beast (D:5)
  A slave (D:6)
  An ice beast (D:5)
  An ogre (D:6)
  A black bear (D:6)
  A centaur (D:5)
  A gnoll sergeant (D:7)
  2 bullfrogs (D:6)
  Dowan (D:5)
  A wyvern zombie (D:6)
  3 scorpions
  A vampire bat (D:4)
  7 crimson imps
  A jelly (D:6)
  A quasit (D:6)
  2 orc priests (D:4)
  A centaur zombie (D:5)
  A bullfrog skeleton (D:5)
  A hound (D:6)
  3 orc wizards
  3 worker ants
  4 gnolls
  3 adders
  3 worms
  A dart slug (D:1)
  2 leopard geckos
  14 orcs
  3 bats
  A bat skeleton (D:4)
  5 bat zombies (D:4)
  4 giant cockroaches
  9 goblins
  7 hobgoblins
  7 jackals
  3 quokkas
  A ball python (D:1)
  7 frilled lizards
  7 kobolds
  A leopard gecko skeleton (D:5)
  A leopard gecko zombie (D:7)
  2 rats
121 creatures vanquished.

Vanquished Creatures (collateral kills)
  A two-headed ogre (D:6)
  The ghost of Paps the Cudgeler, an amateur TrBe of Trog (D:3)
  Duvessa (D:5)
  2 vampire bats (D:4)
  An orc wizard (D:4)
  Natasha (D:2)
  A worker ant zombie (D:5)
  A gnoll (D:7)
  An adder (D:2)
  2 orcs
12 creatures vanquished.

Grand Total: 133 creatures vanquished

Notes
Turn   | Place    | Note
-------+----------+-------------------------------------------
     0 | D:1      | Kavrick the Demonspawn Fighter began the quest for the Orb.
     0 | D:1      | Reached XP level 1. HP: 18/18 MP: 1/1
   105 | D:1      | Reached skill level 2 in Long Blades
   124 | D:1      | Gained mutation: You are partially covered in molten scales. (AC +2) [demonic ancestry]
   124 | D:1      | Reached XP level 2. HP: 8/24 MP: 2/2
  1123 | D:2      | Gained mutation: A weak demonic guardian rushes to your aid. [demonic ancestry]
  1123 | D:2      | Reached XP level 3. HP: 26/29 MP: 3/3
  1407 | D:2      | Noticed Natasha
  1417 | D:2      | Killed Natasha
  1958 | D:3      | Found a snail-covered altar of Cheibriados.
  1961 | D:3      | Gained mutation: You are immune to rotting. [demonic ancestry]
  1961 | D:3      | Reached XP level 4. HP: 35/35 MP: 4/4
  1992 | D:3      | Noticed Paps's ghost (amateur TrBe)
  2010 | D:3      | Killed Paps's ghost
  2010 | D:3      | Reached skill level 3 in Long Blades
  2010 | D:3      | Reached XP level 5. HP: 20/42 MP: 5/5
  2653 | D:3      | Found a glowing golden altar of the Shining One.
  3244 | D:4      | Found a basalt altar of Yredelemnul.
  3260 | D:4      | Gained mutation: You have a pair of small horns on your head. [demonic ancestry]
  3260 | D:4      | Reached XP level 6. HP: 30/48 MP: 6/6
  3262 | D:4      | Reached skill level 4 in Long Blades
  3300 | D:4      | Found a glowing silver altar of Zin.
  3457 | D:4      | Found a hazy altar of Hepliaklqana.
  3516 | D:4      | Found an ancient bone altar of Kikubaaqudgha.
  3606 | D:4      | Found a white marble altar of Elyvilon.
  3748 | D:5      | Entered Level 5 of the Dungeon
  3755 | D:5      | Noticed Duvessa
  3758 | D:5      | Noticed Dowan
  3762 | D:5      | Killed Duvessa
  3762 | D:5      | Gained mutation: You are mostly covered in molten scales. (AC +3) [demonic ancestry]
  3762 | D:5      | Reached XP level 7. HP: 55/55 MP: 7/7
  3785 | D:5      | Killed Dowan
  4135 | D:5      | Reached skill level 5 in Long Blades
  4236 | D:5      | Reached skill level 5 in Fighting
  4423 | D:5      | Reached XP level 8. HP: 53/62 MP: 8/8
  4779 | D:5      | Found a staircase to the Ecumenical Temple.
  4927 | D:6      | Reached skill level 6 in Long Blades
  4938 | D:5      | Reached skill level 5 in Shields
  4958 | D:5      | Reached skill level 5 in Armour
  5630 | D:6      | Noticed a two-headed ogre
  5892 | D:6      | Killed a two-headed ogre
  5892 | D:6      | Reached skill level 7 in Long Blades
  5892 | D:6      | Reached XP level 9. HP: 21/69 MP: 9/9
  6255 | D:6      | Found a shimmering altar of Xom.
  6317 | D:7      | Noticed Pikel
  6839 | D:7      | HP: 3/71 [poisoned by a gnoll sergeant]
  6840 | D:7      | Succumbed to a gnoll sergeant's poison

Vault maps used:
D:1:      mrwooster_arrival_statue_3
D:2:      minmay_tromino_v4_b, uniq_natasha
D:3:      nicolae_tso_swordbearing_angel, cheibriados_altar_1
D:4:      kennysheep_vampire_church, gammafunk_temple_overflow_forgotten,
          first_ration, yredelemnul_altar_generic
D:5:      temple_fountains, serial_bayou_pond_b, uniq_duvessa
D:6:      lemuel_round_altar
D:7:      the_bakery, uniq_pikel

Skill      XL: |  1  2  3  4  5  6  7  8 |
---------------+-------------------------+-----
Long Blades    | 2 3 4 5 7 |  7.5
Shields        | 3 4 5 |  5.8
Armour         | 3 4 5 |  5.8
Fighting       | 4 5 6 |  6.4

Action                   |  1- 3 |  4- 6 |  7- 9 || total
-------------------------+-------+-------+-------++-------
Melee: Long sword        |   119 |   126 |   385 ||   630
       Headbutt          |       |    14 |    85 ||    99
  Use: Potion            |       |       |     1 ||     1
 Stab: Distracted        |       |       |     4 ||     4
  Eat: Chunk             |     4 |     5 |     7 ||    16
       Ration            |       |       |     1 ||     1
Armor: Scale mail        |    48 |    24 |       ||    72
       Chain mail        |       |    38 |   265 ||   303
Dodge: Dodged            |    42 |    31 |    88 ||   161
Block: Shield            |    67 |    86 |   231 ||   384
       Rpst.: Long sword |    10 |    12 |    24 ||    46

Table legend:
 A = Spawn XP
 B = Non-spawn XP
 C = Spawn XP percentage of total XP
 D = Spawn monster count
 E = Non-spawn monster count
 F = Spawn count percentage of total count
 G = Total turns spent on level
                    A         B        C        D         E        F      G
               +---------+---------+-------+---------+---------+-------+---------
         Total |       0 |    3584 |   0.0 |       0 |     132 |   0.0 |  6840
               +---------+---------+-------+---------+---------+-------+---------
           D:1 |       0 |      36 |   0.0 |       0 |      21 |   0.0 |   994
           D:2 |       0 |      59 |   0.0 |       0 |      18 |   0.0 |   963
           D:3 |       0 |     273 |   0.0 |       0 |      17 |   0.0 |  1004
           D:4 |       0 |     295 |   0.0 |       0 |      17 |   0.0 |  1052
           D:5 |       0 |    1127 |   0.0 |       0 |      30 |   0.0 |  1565
           D:6 |       0 |    1563 |   0.0 |       0 |      15 |   0.0 |   930
           D:7 |       0 |     231 |   0.0 |       0 |      14 |   0.0 |   332
               +---------+---------+-------+---------+---------+-------+---------
